AoeStats
← Irving Legend

Arabia

506864943Analyzed
1v1 RM · 18d ago on Sep 15, 2026· 40m 59s· 2 players
Game mode
Random Map
Map size
Tiny (2 player)
Population
200
Speed
Normal
Resources
Standard
Victory
Conquest
Starting age
Dark Age
Ending age
Imperial Age
RankedLock teamsTeams togetherTeam positionsShared explorationLock speedFull tech treeHidden civsTurbo modeCheats
Victory
Defeat
🇪🇸 Turks · Spain
1190
+16
🇨🇦 Romans · Canada
1190
-16
Robermad
6:30 Loom
9:19 Feudal Age
10:10 Double-Bit Axe
12:56 Horse Collar
18:36 Wheelbarrow
21:53 Castle Age
21:49 Bloodlines
21:53 Forging
23:15 Husbandry
32:28 Fletching
40:37 Imperial Age
40:53 Elite Janissary
41:54 Conscription
Irving Legend
6:28 Loom
9:21 Feudal Age
9:56 Man-at-Arms
12:08 Town Watch
14:04 Double-Bit Axe
18:01 Fletching
19:11 Wheelbarrow
22:39 Castle Age
21:35 Scale Barding Armor
22:15 Bloodlines
22:32 Horse Collar
22:54 Scale Mail Armor
22:46 Gold Mining
25:37 Forging
25:09 Pikeman
33:34 Bow Saw
34:37 Stone Mining
35:27 Squires
35:56 Ballistics
Connection lost

Rejoining the realm…

Still unreachable

The connection could not be restored.

Session expired

The server has moved on; the page needs a fresh start.